 Dungeon Crawl Stone Soup version 0.21-a0-225-g207ae17 (webtiles) character file.

170 Moloch the Poker (level 5, -3/41 HPs)
             Began as a Mummy Fighter on Aug 29, 2017.
             Slain by an ogre
             ... wielding a +0 giant club
              (8 damage)
             ... on level 4 of the Dungeon.
             The game lasted 00:03:01 (2053 turns).

Moloch the Poker (Mummy Fighter)                    Turns: 2053, Time: 00:03:01

Health: -3/41      AC: 12    Str: 19    XL:     5   Next: 25%
Magic:  5/5        EV:  5    Int:  7    God:
Gold:   130        SH:  9    Dex: 13    Spells: 4/4 levels left

rFire    x . .     SeeInvis .   a - +0 trident
rCold    + + .     Gourm    .   c - +0 shield
rNeg     + + +     Faith    .   k - +1 chain mail {rC+}
rPois    ∞         Spirit   .   (no helmet)
rElec    .         Reflect  .   (no cloak)
rCorr    .         Harm     .   f - +2 pair of gloves
MR       .....                  (no boots)
Stlth    ..........             (no amulet)
HPRegen  0.13/turn              j - +1 ring of evasion
MPRegen  0.09/turn              (no ring)

@: no status effects
A: no food or potions, fire vulnerability, cold resistance 1, negative energy
resistance 3, torment resistance, unbreathing
a: no special abilities


You were on level 4 of the Dungeon.
You were not hungry.

You visited 1 branch of the dungeon, and saw 4 of its levels.

You collected 130 gold pieces.

Inventory:

Hand Weapons
 a - a +0 trident (weapon)
Missiles
 b - 8 tomahawks (quivered)
Armour
 c - a +0 shield (worn)
 f - a +2 pair of gloves (worn)
 k - a +1 chain mail of cold resistance (worn)
Jewellery
 j - a +1 ring of evasion (left hand)
Scrolls
 d - a scroll of fear {unknown}
 e - 3 scrolls of teleportation {unknown}
 g - 5 scrolls of identify {unknown}
 h - a scroll of immolation {unknown}
 i - a scroll of recharging {unknown}
 l - a scroll of amnesia {unknown}
 m - a scroll of fog {unknown}
 n - a scroll of remove curse {unknown}


   Skills:
 + Level 3.5 Fighting
 * Level 4.2 Polearms
 - Level 2.4 Armour
 - Level 2.4 Shields


You had 4 spell levels left.
You didn't know any spells.

Dungeon Overview and Level Annotations

Branches:
Dungeon (4/15)
 Temple: D:4-7

Altars:
The Shining One


Innate Abilities, Weirdness & Mutations

You do not eat or drink.
Your flesh is vulnerable to fire.
You are immune to poison.
Your flesh is cold resistant. (rC+)
You are immune to negative energy. (rN+++)
You are immune to unholy pain and torment.
You can survive without breathing.


Message History

You throw a tomahawk.
The tomahawk hits the ogre but does no damage.
The ogre is moderately wounded.
Attack whom?
Press: ? - help, Dir - move target cursor, f/p - ogre
Aim: an ogre, wielding a giant club (moderately wounded)
You reach to attack!
You completely miss the ogre.
The ogre is moderately wounded.
Your shield and chain mail prevent you from hitting the ogre.
The ogre is moderately wounded.
The ogre hits you with a giant club!
You puncture the ogre!
The ogre is severely wounded.
The ogre hits you with a giant club!!
* * * LOW HITPOINT WARNING * * *
You are too injured to fight recklessly!
You barely miss the ogre.
The ogre is severely wounded.
The ogre hits you with a giant club!
You die...

#.......# #.......#
#.......# #..)....#
######.......#
###........#......
..........<#.....#
..
..........)#######(
.
....####...@O.((..(
. ... ############
. ####+ #.... #....
#.... #.O.. #....


You could see an ogre.

Vanquished Creatures
  2 orc wizards
  5 adders
  A shadow imp (D:4)
  A worm (D:2)
  A dart slug (D:3)
  4 leopard geckos
  4 orcs
  3 giant cockroaches
  6 goblins
  9 hobgoblins
  4 kobolds
  A quokka (D:2)
  A ball python (D:1)
  5 bats
  8 frilled lizards
  4 rats
59 creatures vanquished.

Notes
Turn   | Place    | Note
-------+----------+-------------------------------------------
     0 | D:1      | Moloch the Mummy Fighter began the quest for the Orb.
     0 | D:1      | Reached XP level 1. HP: 18/18 MP: 1/1
    87 | D:1      | Reached skill level 2 in Polearms
   131 | D:1      | Reached XP level 2. HP: 24/24 MP: 2/2
   851 | D:2      | Reached XP level 3. HP: 29/29 MP: 3/3
  1051 | D:2      | Reached skill level 3 in Polearms
  1293 | D:2      | Reached XP level 4. HP: 32/35 MP: 4/4
  1671 | D:3      | Found a glowing golden altar of the Shining One.
  1967 | D:4      | Noticed an ogre
  1967 | D:4      | Noticed an ogre
  2013 | D:3      | Reached skill level 4 in Polearms
  2018 | D:4      | Reached XP level 5. HP: 41/41 MP: 5/5
  2053 | D:4      | Slain by an ogre

Vault maps used:
D:1:      minmay_arrival_five_plusses
D:2:      serial_forest, infiniplex_forest_lined_room_3,
          infiniplex_forest_corner_1, infiniplex_forest_clump_double,
          infiniplex_forest_end_3, infiniplex_forest_straight_2, first_bread,
          minmay_misc_feat_more_columns
D:3:      tso_metal_star
D:4:      minmay_temple_entry_enclosed_plants, minmay_misc_feat_ornament,
          minmay_close_crescents, uniq_duvessa

Skill      XL: |  1  2  3  4 |
---------------+-------------+-----
Polearms       | 2 3 4 |  4.2
Fighting       | |  3.5
Armour         | |  2.4
Shields        | |  2.4

Action                   |  1- 3 |  4- 6 || total
-------------------------+-------+-------++-------
Melee: Trident           |   161 |    92 ||   253
Throw: Tomahawk          |       |     4 ||     4
Armor: Scale mail        |    59 |       ||    59
       Chain mail        |     2 |    44 ||    46
       Plate armour      |       |     3 ||     3
Dodge: Dodged            |    36 |    10 ||    46
Block: Shield            |    62 |    25 ||    87

Table legend:
 A = Spawn XP
 B = Non-spawn XP
 C = Spawn XP percentage of total XP
 D = Spawn monster count
 E = Non-spawn monster count
 F = Spawn count percentage of total count
 G = Total turns spent on level
                    A         B        C        D         E        F      G
               +---------+---------+-------+---------+---------+-------+---------
         Total |      29 |     214 |  11.9 |       8 |      51 |  13.6 |  2053
               +---------+---------+-------+---------+---------+-------+---------
           D:1 |       6 |      28 |  17.6 |       3 |      18 |  14.3 |   766
           D:2 |      18 |      46 |  28.1 |       2 |      13 |  13.3 |   595
           D:3 |       5 |      90 |   5.3 |       3 |      17 |  15.0 |   651
           D:4 |       0 |      50 |   0.0 |       0 |       3 |   0.0 |    41
               +---------+---------+-------+---------+---------+-------+---------
